 Dungeon Crawl Stone Soup version 0.27.1-1-g398f81649c (webtiles) character file.

Game seed: 11474405870802247140

15934 Rickety the Unseen (level 12, 0/58 HPs)
             Began as a Spriggan Enchanter on Sept 13, 2021.
             Slain by a killer bee (8 damage)
             ... on level 2 of the Lair of Beasts.
             The game lasted 00:55:29 (18437 turns).

Rickety the Unseen (Spriggan Enchanter)            Turns: 18437, Time: 00:55:30

Health: 0/58       AC:  2    Str:  4    XL:     12   Next: 5%
Magic:  3/27       EV: 22    Int: 18    God:
Gold:   563        SH:  0    Dex: 19    Spells: 20/32 levels left

rFire    . . .     SeeInvis +   a - +2 dagger (venom)
rCold    . . .     Faith    .   (shield restricted)
rNeg     . . .     Spirit   .   B - +0 robe {Will+}
rPois    .         Reflect  .   (helmet restricted)
rElec    .         Harm     .   I - scarf {+Inv}
rCorr    .         Rampage  .   (gloves unavailable)
Will     +++..                  (boots unavailable)
Stlth    ++++++....             O - amulet of the acrobat
HPRegen  0.19/turn              d - ring of wizardry
MPRegen  0.20/turn              u - ring of wizardry

@: very quick
A: very small, no large weapons, unfitting armour, see invisible, speed 3
a: Evoke Invisibility


You were on level 2 of the Lair of Beasts.
You visited 3 branches of the dungeon, and saw 11 of its levels.
You also visited: Sewer and Bailey.

You collected 615 gold pieces.
You spent 52 gold pieces at shops.

Inventory:

Hand Weapons
 a - a +2 dagger of venom (weapon)
 y - a +0 dagger of draining
 G - a +1 dagger
Missiles
 e - 6 throwing nets
 g - 67 poisoned darts (quivered)
 l - a curare-tipped dart
Armour
 b - a +0 robe
 B - a +0 robe of willpower (worn)
 I - a scarf of invisibility (worn)
 N - +0 storm dragon scales
Magical Staves
 P - a staff of conjuration
Jewellery
 c - an amulet of faith
 d - a ring of wizardry (left hand)
 p - a ring of fire
 u - a ring of wizardry (right hand)
 O - an amulet of the acrobat (around neck)
Wands
 z - a wand of polymorph (17)
 C - a wand of charming (5)
 E - a wand of mindburst (9)
 F - a wand of flame (42)
 L - a wand of iceblast (11)
Scrolls
 f - 3 scrolls of teleportation
 i - a scroll of torment {unknown}
 r - 2 scrolls of magic mapping
 v - a scroll of summoning
 w - a scroll of fear
 x - 3 scrolls of fog
 H - a scroll of brand weapon {unknown}
 K - 2 scrolls of immolation {unknown}
Potions
 h - 5 potions of brilliance
 j - a potion of resistance
 m - 3 potions of mutation
 n - 2 potions of magic
 o - 3 potions of haste
 s - 5 potions of might
 t - a potion of cancellation {unknown}
 A - a potion of ambrosia
 D - 4 potions of attraction
 R - a potion of lignification {unknown}
Miscellaneous
 Q - a phantom mirror (inert)


   Skills:
 * Level 4.2 Fighting
 * Level 6.4 Short Blades
 * Level 5.0 Throwing
 * Level 7.4 Dodging
 * Level 15.3 Stealth
 * Level 10.5 Spellcasting
 - Level 2.0 Conjurations
 * Level 10.5 Hexes
 - Level 2.0 Ice Magic
 * Level 5.4 Evocations


You had 20 spell levels left.
You knew the following spells:

 Your Spells              Type           Power      Damage    Failure   Level
a - Corona                Hex            52%        N/A       1%          1
b - Ensorcelled Hibernat  Hex/Ice        62%        N/A       1%          2
c - Confusing Touch       Hex            47%        N/A       1%          3
d - Dazzling Flash        Conj/Hex       62%        N/A       1%          3
t - Tukima's Dance        Hex            47%        N/A       1%          3

Your spell library contained the following spells:

 Spells                   Type           Power      Damage    Failure   Level
 Freeze                   Ice            64%        1d8       1%          1
 Slow                     Hex            47%        N/A       1%          2
 Frozen Ramparts          Ice            32%        1d5       2%          3
 Vampiric Draining        Necr           4%         2d6       6%          3
 Summon Mana Viper        Hex/Summ       28%        N/A       7%          5
 Hailstorm                Conj/Ice       16%        3d6       9%          4
 Disjunction              Tloc           4%         N/A       100%        8


Dungeon Overview and Level Annotations

Branches:
Dungeon (8/15)             Temple (1/1) D:5            Lair (2/6) D:8
 Spider (0/4) Lair:2        Sewer (visited)          Bailey (visited)
  Swamp: Lair:2-4    Shoals: Lair:2-4

Altars:
Ashenzari
Cheibriados
Elyvilon
Fedhas
Gozag
Hepliaklqana
Kikubaaqudgha
Makhleb
Nemelex Xobeh
Okawaru
Qazlal
Ru
Sif Muna
Trog
Uskayaw
Vehumet
Wu Jian
Xom
Yredelemnul
Zin
The Shining One

Shops:
D:5 ?   D:8 ?(

Annotations:
D:7 3 runed translucent doors, ZARRMARR's ghost, novice OpCj; speeev33's ghost, novice HOFi


Innate Abilities, Weirdness & Mutations

You are very small and have problems with some larger weapons.
You are too small for most types of armour.
You have supernaturally acute eyesight. (SInv)
You cover ground extremely quickly. (Speed+++)


Message History

The killer bee closely misses you.
You hit the killer bee but do no damage.
The killer bee is lightly wounded.
You feel sick. The killer bee stings you.
You are more poisoned.
The killer bee poisons you!
You hit the killer bee but do no damage.
The killer bee is lightly wounded.
You feel sick. The killer bee misses you.
You hit the killer bee but do no damage.
The killer bee is lightly wounded.
You feel sick. The killer bee stings you.
You are more poisoned.
The killer bee poisons you! The killer bee completely misses you.
The killer bee buzzes angrily.
You hit the killer bee but do no damage.
The killer bee appears confused.
The killer bee is lightly wounded.
You feel sick.
You hear an angry buzzing noise.
The killer bee closely misses you.
You feel sick.
You feel sick.
Something completely misses the killer bee.
Something misses the killer bee.
You feel sick.
You feel sick.
You feel sick.
You feel sick.
You feel sick.
You feel sick.
You feel sick.
You feel sick.
You feel sick.
You feel sick. The killer bee completely misses you.
There is a stone staircase leading up here.
You feel sick.
You are no longer poisoned.
The killer bee misses you. The killer bee stings you!
You die...

## ########### ..#..#
#....y#...# #......
###.@yy..###......#.
#.#.........# .......
#..#.##y....##.#..#..
#P...####............
#.##P...#####.....8....#
..(.(.......##........##
#####.........#.8...8...
####....###.......##
#...###...)8.....


You could see 4 killer bees.

Vanquished Creatures
  Harold (Lair:2)
  A centaur warrior (D:8)
  A hydra (Lair:1)
  Pikel (D:8)
  A cyclops (D:8)
  2 black mambas (Lair:2)
  2 cane toads
  A gargoyle (D:8)
  A kobold demonologist (D:8)
  2 komodo dragons (Lair:2)
  A rime drake (Lair:2)
  A queen bee (Lair:2)
  A troll (D:8)
  7 blink frogs (Lair:2)
  A wraith (D:8)
  10 yaks
  A wyvern (shapeshifter) (D:8)
  Grum (Lair:1)
  2 wyverns (D:8)
  A steam dragon (D:8)
  5 water moccasins
  An ice beast (D:8)
  3 sky beasts
  2 orc warriors
  3 ogres (D:5)
  3 centaurs
  12 wolves
  3 lemures (D:8)
  2 phantoms
  12 bullfrogs
  6 kobold brigands
  2 scorpions (D:5)
  A wyvern skeleton (D:6)
  A water moccasin zombie (D:6)
  2 water moccasin skeletons (D:5)
  12 killer bees
  5 wights
  2 howler monkeys (D:8)
  A bullfrog zombie (D:6)
  2 hounds
  6 jellies
  4 centaur zombies
  4 orc priests
  2 bullfrog skeletons
  2 iguanas
  10 orc wizards
  2 killer bee zombies (D:7)
  3 gnolls (D:2)
  11 adders
  A howler monkey skeleton (D:4)
  10 river rats (Sewer)
  2 white imps
  3 ufetubi
  3 worms
  4 dart slugs
  23 orcs
  15 ball pythons
  4 bats
  6 endoplasms
  5 giant cockroaches
  9 goblins
  4 hobgoblins
  4 jackals (D:2)
  27 kobolds
  4 quokkas
  2 frilled lizards
  21 rats
310 creatures vanquished.

Vanquished Creatures (collateral kills)
  A two-headed ogre (D:8)
  An ogre (D:5)
  A centaur (Bailey)
  An orc priest (D:6)
  An orc wizard (D:5)
  8 orcs
  5 goblins
  A kobold (D:8)
19 creatures vanquished.

Vanquished Creatures (others)
  11 dancing weapons
  2 kobolds (D:8)
  7 fungi
  11 plants
31 creatures vanquished.

Grand Total: 360 creatures vanquished

Notes
Turn   | Place    | Note
-------+----------+-------------------------------------------
     0 | D:1      | Rickety the Spriggan Enchanter began the quest for the Orb.
     0 | D:1      | Reached XP level 1. HP: 9/9 MP: 5/5
   362 | D:1      | Reached XP level 2. HP: 10/13 MP: 4/6
   365 | D:1      | Learned a level 2 spell: Ensorcelled Hibernation
   433 | D:1      | Reached skill level 5 in Stealth
   721 | D:1      | Found a faded altar of an unknown god.
  1217 | D:2      | Reached XP level 3. HP: 16/16 MP: 8/8
  1224 | D:2      | Reached skill level 6 in Stealth
  1573 | D:1      | Learned a level 3 spell: Confusing Touch
  1691 | D:2      | Reached XP level 4. HP: 15/21 MP: 4/9
  1699 | D:2      | Learned a level 3 spell: Dazzling Flash
  2834 | D:3      | Reached skill level 7 in Stealth
  2834 | D:3      | Reached XP level 5. HP: 23/24 MP: 1/11
  3021 | D:3      | Found a glowing drain.
  3044 | Sewer    | Entered a sewer
  3097 | Sewer    | Reached skill level 8 in Stealth
  3097 | Sewer    | Reached skill level 1 in Ice Magic
  3097 | Sewer    | Reached XP level 6. HP: 28/28 MP: 11/13
  3814 | Sewer    | HP: 1/29 [poisoned by a kobold brigand (curare-tipped
                  | dart)]
  4067 | Sewer    | Reached skill level 9 in Stealth
  4127 | Sewer    | Reached skill level 5 in Hexes
  4192 | Sewer    | Reached XP level 7. HP: 32/32 MP: 11/14
  4879 | D:3      | Learned a level 3 spell: Tukima's Dance
  5642 | D:4      | You fall into a shaft and drop 2 floors!
  5647 | D:5      | Entered Level 5 of the Dungeon
  6799 | D:5      | Reached skill level 10 in Stealth
  7095 | D:5      | Reached skill level 5 in Spellcasting
  7095 | D:5      | Reached XP level 8. HP: 29/37 MP: 13/16
  7231 | D:5      | Reached skill level 1 in Fighting
  7241 | D:5      | Found a sacrificial altar of Ru.
  7283 | D:5      | Found a staircase to the Ecumenical Temple.
  7299 | D:5      | Reached skill level 1 in Throwing
  7309 | Temple   | Entered the Ecumenical Temple
  7522 | D:5      | Reached skill level 11 in Stealth
  7646 | D:5      | Found Jekhlosu's Magic Scroll Shoppe.
  7920 | D:5      | Bought a scroll of fog for 26 gold pieces
  7920 | D:5      | Bought a scroll of identify for 26 gold pieces
  8286 | D:6      | Reached skill level 1 in Conjurations
  9031 | D:6      | Reached XP level 9. HP: 42/42 MP: 16/19
 10865 | D:7      | Reached skill level 12 in Stealth
 11111 | D:7      | Found a runed translucent gate.
 11112 | D:7      | Found a runed translucent gate.
 11113 | D:7      | Found a runed translucent gate.
 11114 | D:7      | Noticed ZARRMARR's ghost (novice OpCj)
 11114 | D:7      | Noticed speeev33's ghost (novice HOFi)
 11247 | D:7      | Reached skill level 5 in Dodging
 11257 | D:7      | Reached skill level 1 in Evocations
 12216 | D:8      | Found a hide-covered altar of Uskayaw.
 12305 | D:8      | Found a staircase to the Lair.
 12361 | D:8      | Noticed Pikel
 12390 | D:8      | Killed Pikel
 12391 | D:8      | Reached XP level 10. HP: 33/47 MP: 8/22
 12489 | D:8      | Found a flagged portal.
 12491 | D:8      | Found Xoucug's Antique Weapon Shoppe.
 12507 | Bailey   | Entered a bailey
 13000 | D:8      | Found Bocwiph's Magic Scroll Boutique.
 13491 | D:8      | Noticed a two-headed ogre
 13616 | D:8      | Killed a two-headed ogre
 13617 | D:8      | Reached skill level 5 in Short Blades
 13833 | D:8      | Reached skill level 13 in Stealth
 13930 | D:8      | Found a radiant altar of Vehumet.
 13931 | D:8      | Found an opulent altar of Gozag.
 13932 | D:8      | Found an ornate altar of the Wu Jian Council.
 13932 | D:8      | Found a basalt altar of Yredelemnul.
 14066 | D:8      | Noticed a gargoyle
 14069 | D:8      | Noticed a centaur warrior
 14073 | D:8      | Noticed a cyclops
 14076 | D:8      | Noticed a sun demon
 14078 | D:8      | Killed a gargoyle
 14369 | D:8      | Killed a centaur warrior
 14535 | D:8      | Killed a cyclops
 14536 | D:8      | Reached XP level 11. HP: 52/52 MP: 22/25
 14638 | D:8      | Got the Guide on Spatial Curses
 14744 | Lair:1   | Entered Level 1 of the Lair of Beasts
 14867 | Lair:1   | Noticed Grum
 15018 | Lair:1   | Noticed an eight-headed hydra
 15130 | Lair:1   | Killed Grum
 15720 | Lair:1   | Reached skill level 14 in Stealth
 16416 | Lair:1   | Killed an eight-headed hydra
 16417 | Lair:1   | Reached skill level 10 in Hexes
 16682 | Lair:2   | Reached skill level 10 in Spellcasting
 16704 | Lair:2   | Found a hole to the Spider Nest.
 16754 | Lair:2   | Noticed Harold
 16768 | Lair:2   | Killed Harold
 16769 | Lair:2   | Reached skill level 5 in Evocations
 17489 | Lair:1   | Reached skill level 15 in Stealth
 17900 | Lair:2   | Reached XP level 12. HP: 19/58 MP: 20/27
 17908 | Lair:2   | Reached skill level 5 in Throwing
 18437 | Lair:2   | Slain by a killer bee

Illustrated notes

Levels and vault maps discovered:
D:1:      co_arrival_random_square_maze, layout_basic,
          shapermc_ecumenical_altar_totnotflames, minmay_tree_intersection
D:2:      layout_rooms, minmay_distorted
D:3:      minmay_general_purpose_star, layout_loops_ring, portal_sewer_entry_a,
          glass_columns_b
D:4:      layout_gridville
D:5:      layout_rooms, nicolae_ru_great_annihilating_truth,
          minmay_temple_entry_stoned_glass, serial_shops, shop,
          hangedman_decor_clover_reticule
D:6:      layout_rooms
D:7:      layout_cave_pools, gammafunk_ghost_cemetery, water_maze_lemuel
D:8:      minmay_the_grid_octo_tiled_squarecenter [minmay_the_grid_octo_clover,
          minmay_the_grid_octo_shrine, minmay_the_grid_octo_empty,
          minmay_the_grid_octo_clover_2,
          minmay_the_grid_square_5x5_megaprize_open,
          minmay_the_grid_square_5x5_z, minmay_the_grid_square_5x5_two_walls_a,
          minmay_the_grid_square_5x5_bracketed,
          minmay_the_grid_square_5x5_trominoes], layout_gridville,
          nicolae_uskayaw_suspiria, enter_bailey_3, serial_shops,
          nicolae_lakefront_shop, nicolae_stop_n_shop_1, grunt_ministairs_14,
          uniq_pikel
Temple:   compressed_dpeg_circular_temple
Lair:1:   layout_chaotic_city, uniq_grum
Lair:2:   layout_misc_corridors, spider_nest_entry_web_field, special_room
          [special_room_bee], minmay_lair_oklob_items, kennysheep_snail_temple,
          grunt_megastairs_4, uniq_erica, uniq_harold

Skill      XL: |  1  2  3  4  5  6  7  8  9 10 11 12 |
---------------+-------------------------------------+-----
Stealth        | 5 6 7 8 9 10 11 12 13 15 | 15.3
Hexes          | 4 5 6 8 9 10 | 10.5
Spellcasting   | 3 4 5 6 7 9 10 | 10.5
Dodging        | 3 4 5 6 7 |  7.4
Ice Magic      | 1 2 |  2.0
Short Blades   | 3 4 5 6 |  6.4
Fighting       | 1 2 3 4 |  4.2
Throwing       | 1 3 4 5 |  5.0
Conjurations   | 1 2 |  2.0
Evocations     | 2 3 5 |  5.4

Action                   |  1- 3 |  4- 6 |  7- 9 | 10-12 || total
-------------------------+-------+-------+-------+-------++-------
Melee: Dagger            |    70 |   146 |   415 |   194 ||   825
Throw: Dart              |       |       |     8 |     1 ||     9
 Cast: Corona            |     6 |       |     1 |       ||     7
       Ensorcelled Hiber |    22 |    57 |   104 |   131 ||   314
       Confusing Touch   |     1 |     2 |    45 |    12 ||    60
       Dazzling Flash    |       |     1 |     9 |    14 ||    24
       Tukima's Dance    |       |       |    29 |    26 ||    55
Evoke: Phantom mirror    |       |       |       |     1 ||     1
  Use: Potion            |       |     3 |       |     4 ||     7
       Scroll            |       |       |     9 |     5 ||    14
 Stab: Sleeping          |    21 |    52 |    60 |    67 ||   200
       Confused          |     1 |     2 |    36 |    11 ||    50
       Invisible         |       |       |     8 |     3 ||    11
       Distracted        |       |       |     4 |     4 ||     8
Armor: Robe              |     9 |    22 |    24 |     7 ||    62
Dodge: Dodged            |    76 |   104 |   323 |   251 ||   754
